 Dungeon Crawl Stone Soup version 0.23.0-3-gf3c87f2 (webtiles) character file.

Game seed: 790173961182232072

276708 farkougg the Executioner (level 19, -17/181 HPs)
             Began as a Minotaur Berserker on Feb 17, 2019.
             Was a Priest of Trog.
             Hit by a large rock thrown by a stone giant (43 damage)
             ... while paralysed by a vampire knight
             ... on level 2 of the Depths on Feb 21, 2019.
             The game lasted 05:44:42 (45535 turns).

farkougg the Executioner (Minotaur Berserker)      Turns: 45535, Time: 05:44:43

Health: -17/181    AC: 24    Str: 28    XL:     19   Next: 58%
Magic:  22/22      EV:  2    Int:  4    God:    Trog [***...]
Gold:   366        SH:  0    Dex: 12    Spells: 18/18 levels left

rFire    + + .     SeeInvis +   a - +7 executioner's axe (vamp)
rCold    . . .     Gourm    .   (shield currently unavailable)
rNeg     . . .     Faith    .   C - +2 fire dragon scales
rPois    .         Spirit   .   Q - +0 hat
rElec    .         Reflect  +   P - +1 cloak
rCorr    .         Harm     .   K - +2 pair of gloves
MR       +....                  (no boots)
Stlth    ..........             w - +5 amulet of reflection
HPRegen  0.40/turn              r - ring of see invisible
MPRegen  0.18/turn              S - ring "Duast" {+Fly rC+}

@: paralysed
A: retaliatory headbutt, horns 2
}: 2/15 runes: decaying, gossamer
a: Berserk, Trog's Hand, Renounce Religion, Evoke Flight


You were on level 2 of the Depths.
You worshipped Trog.
Trog was most pleased with you.
You were not hungry.

You visited 6 branches of the dungeon, and saw 34 of its levels.
You also visited: Bailey.

You collected 2898 gold pieces.
You spent 2532 gold pieces at shops.

Inventory:

Hand Weapons
 a - a +7 vampiric executioner's axe (weapon)
 b - a +4 antimagic battleaxe
 d - a +3 great mace of protection
 H - the +6 war axe of Joyful Slaughter {freeze, rN+}
   (You bought it in a shop on level 2 of the Orcish Mines)

   It has been specially enchanted to freeze those struck by it, causing extra
   injury to most foes and up to half again as much damage against particularly
   susceptible opponents.
   It can also slow down cold-blooded creatures.
   It protects you from negative energy.
 J - the +7 battleaxe of Juiwiz {protect, *Drain Str+4 SInv}
   (Trog gifted it to you on level 15 of the Dungeon)

   It protects the one who uses it against injury (+AC on strike).
   It affects your strength (+4).
   It lets you see invisible.
   It causes draining when unequipped.
Missiles
 g - 5 curare-tipped needles
 m - 3 javelins of returning (quivered)
Armour
 C - +2 fire dragon scales (worn)
 K - a +2 pair of gloves (worn)
 P - a +1 cloak (worn)
 Q - a +0 hat (worn)
Jewellery
 k - a +6 ring of evasion
 n - an uncursed ring of protection from magic
 q - a +5 ring of slaying
 r - a ring of see invisible (left hand)
 w - a +5 amulet of reflection (around neck)
 A - an uncursed ring of ice
 O - an uncursed ring of poison resistance
 R - an uncursed ring of protection from cold
 S - the ring "Duast" (right hand) {+Fly rC+}
   (You found it on level 4 of the Spider Nest)

   [ring of flight]

   It protects you from cold.
   It lets you fly.
 Y - the amulet "Wifunoec" {Regen+ Int+4}
   (You found it on level 15 of the Dungeon)

   [amulet of regeneration]

   It affects your intelligence (+4).
   It increases your rate of regeneration.
Wands
 h - a wand of flame (32)
 j - a wand of scattershot (5)
 y - a wand of digging (11)
 F - a wand of iceblast (7)
 M - a wand of random effects (31)
 N - a wand of polymorph (22)
 T - a wand of disintegration (12)
 U - a wand of enslavement (7)
Scrolls
 l - a scroll of torment {unknown}
 p - 2 scrolls of magic mapping
 s - 3 scrolls of teleportation
 v - a scroll of holy word
 G - 7 scrolls of remove curse
 W - a scroll of fear
 X - a scroll of acquirement {unknown}
Potions
 f - a potion of brilliance
 i - 2 potions of cancellation
 t - 4 potions of flight
 u - 13 potions of curing
 x - 2 potions of heal wounds
 z - 3 potions of haste
 B - 2 potions of ambrosia
 E - 2 potions of lignification
 L - 6 potions of mutation
Comestibles
 c - 12 rations
 Z - 7 chunks of flesh


   Skills:
 * Level 18.9 Fighting
 - Level 26.0 Axes
 + Level 20.6 Armour
 + Level 10.3 Dodging
 - Level 6.0 Evocations


You had 18 spell levels left.
You didn't know any spells.
Your spell library was empty.

Dungeon Overview and Level Annotations

Branches:
Dungeon (15/15)            Temple (0/1) D:7            Lair (6/6) D:10
  Swamp (4/4) Lair:2       Spider (4/4) Lair:4          Orc (2/2) D:9
    Elf (0/3) Orc:2        Vaults (0/5) D:13         Depths (3/5) D:15
  Slime: Lair:5-6

Altars:
Ashenzari
Cheibriados
Nemelex Xobeh
Okawaru
Ru
Uskayaw
Wu Jian
Xom
Lugonu

Shops:
D:6 (   D:10 :   D:11 (   D:12 (   D:14 !   Orc:2 =*([   Depths:1 (
Depths:3 *}=!

Portals:
Hell: Depths:1 Depths:2
Abyss: Depths:1
Pandemonium: Depths:1

Annotations:
D:6 Dowan, Duvessa
D:12 1 runed translucent door, exclusion: door, bmj180's ghost, journeyman MiFi
D:15 2 transporters, erker's ghost, journeyman MiFi
Lair:6 exclusion: oklob plant
Swamp:2 1 runed translucent door, Silenth's ghost, adept KoHu
Depths:3 1 runed translucent door


Innate Abilities, Weirdness & Mutations

You reflexively headbutt those who attack you in melee.
You have a pair of horns on your head.


Message History

The vampire knight hits you from afar with a +1 glaive! x2
The vampire knight blinks!
You can move again.
You slash the vampire knight!
The vampire knight is lightly damaged.
The vampire knight hits you but does no damage.
The vampire knight bites you but does no damage.
You slash the vampire knight!
The vampire knight is moderately damaged.
The vampire knight hits you from afar with a +1 glaive!
The vampire knight points at you and mumbles some strange words.
You suddenly lose the ability to move!
The vampire knight hits you from afar with a +1 glaive.
The stone giant throws a large rock.
The large rock hits you!!
* * * LOW HITPOINT WARNING * * *
Some of the chunks of flesh in your inventory have rotted away.
The vampire knight hits you from afar with a +1 glaive!!
* * * LOW HITPOINT WARNING * * *
The stone giant throws a large rock.
The large rock hits you!!!
You die...

.. # V. .. . .C.##. ###
#....C##.## ### ##.....## ##..##
#...(#CV## .....# ##..##...##
.....# ### ##@..## ...#
#.....#### ..##.. ##.#.#.#.##
...... #..<......# ......
##.#.#.#.## ##### #....#
#.........# #>.#. # .######
##.#.#(#.######.... #
##....#######..)((........#....
##.....##....##.#.#(#.#......###


You could see a stone giant and a vampire knight.

Vanquished Creatures
  Sojobo (Depths:1)
  the Lernaean hydra (Swamp:4)
  A lich (Depths:3)
  Kirke (Swamp:2)
  Roxanne (Spider:1)
  2 thorn hunters
  2 tengu reavers
  An iron dragon (Depths:2)
  4 ghost moths
  4 frost giants
  An orc warlord (Orc:2)
  6 emperor scorpions (Spider:4)
  8 very ugly things
  3 stone giants
  2 entropy weavers (Spider:1)
  3 vampire knights
  5 ettins
  4 spark wasps
  A quicksilver dragon zombie (Depths:2)
  A merfolk javelineer (Depths:2)
  4 fire dragons
  A yaktaur captain (Depths:3)
  2 great orbs of eyes
  2 rakshasas
  12 hydras
  4 ice dragons
  2 vault guards (D:13)
  A shambling mangrove (Swamp:3)
  6 centaur warriors
  11 alligators
  14 two-headed ogres
  A death knight (D:13)
  5 ogre magi
  3 tengu warriors
  5 deep troll shamans
  2 catoblepae
  4 deep troll earth magi
  20 death yaks
  2 orc high priests (Orc:2)
  Urug (Lair:3)
  A vampire mage (D:15)
  Nergalle (Lair:2)
  2 iron trolls (Depths:1)
  A storm dragon skeleton (D:15)
  2 skeletal warriors (D:15)
  13 swamp dragons
  7 deep trolls
  An unseen horror (shapeshifter) (Depths:2)
  2 tengu zombies
  3 necromancers
  2 lindwurms (Lair:6)
  A lindwurm (shapeshifter) (Depths:2)
  A sphinx zombie (Depths:2)
  9 orc knights
  2 phantasmal warriors
  12 orb spiders
  2 deep elf magi
  A fire giant zombie (D:15)
  18 wolf spiders
  A moth of wrath (Spider:4)
  2 cyclopes
  10 ugly things
  5 orc sorcerers
  2 centaur zombies
  13 elephants
  3 manticores
  A gargoyle (D:14)
  3 black mambas
  A sphinx skeleton (D:15)
  16 spiny frogs
  2 torpor snails
  The ghost of Killmatronix the Skirmisher, a novice HuWn of the Shining One (D:4)
  4 centaur skeletons
  8 demonic crawlers
  An elf skeleton (Depths:2)
  7 komodo dragons
  5 rime drakes
  2 yaktaurs
  A redback zombie (D:15)
  A queen bee (Spider:4)
  A jumping spider (shapeshifter) (Depths:1)
  13 hornets
  3 trolls (Orc:2)
  A polar bear (Lair:4)
  A polar bear (shapeshifter) (Depths:2)
  24 jumping spiders
  21 blink frogs
  6 meliai
  8 tyrant leeches
  2 bog bodies
  16 slime creatures
  A tengu simulacrum (Depths:2)
  A deep troll zombie (Depths:1)
  8 hippogriffs
  A fire dragon zombie (Depths:1)
  3 shadows
  18 tarantellas
  10 water elementals
  3 spriggans
  4 wyverns
  An elf zombie (D:15)
  A hog (Swamp:2)
  42 redbacks
  34 yaks
  3 basilisks
  3 hungry ghosts
  26 vampire mosquitoes
  Grum (D:8)
  14 insubstantial wisps
  15 swamp worms
  An acid dragon (D:12)
  A warg (Orc:1)
  A soldier ant (D:12)
  A soldier ant (shapeshifter) (Depths:1)
  16 water moccasins
  2 ice beasts
  9 porcupines
  7 black bears
  35 orc warriors
  13 swamp drakes
  3 sky beasts
  7 necrophages (Lair:2)
  31 centaurs
  18 ogres
  3 phantoms
  33 wolves
  2 big kobolds
  16 crocodiles
  21 bullfrogs
  A wyvern skeleton (D:13)
  2 scorpions
  33 killer bees
  6 wights
  An electric eel (Spider:4)
  6 howler monkeys
  11 crimson imps
  2 iron imps (Depths:1)
  17 orc priests
  4 hounds
  4 iguanas
  3 jellies
  20 orc wizards
  Jessica (D:2)
  4 bullfrog skeletons
  10 worker ants
  A hound zombie (D:8)
  A hound skeleton (D:7)
  A worker ant zombie (D:8)
  15 adders
  6 shadow imps
  An adder skeleton (D:7)
  2 worms
  3 dart slugs
  5 leopard geckos
  96 orcs
  A ball python (D:4)
  2 giant cockroaches
  8 goblins
  4 hobgoblins
  14 jackals
  4 quokkas
  3 bats
  3 frilled lizards
  20 kobolds
  2 leopard gecko zombies
  A quokka skeleton (D:7)
  3 rats
  4 fungi
  9 plants
  2 withered plants (D:15)
1165 creatures vanquished.

Vanquished Creatures (collateral kills)
  Gastronok (D:10)
  A stone giant (Depths:3)
  An ogre mage (D:13)
  A vault guard (D:13)
  6 hydras
  A spriggan air mage (Depths:2)
  2 spriggan berserkers (Depths:2)
  2 wizards (D:13)
  4 deep elf magi (D:13)
  A black mamba (Lair:1)
  A kobold demonologist (D:13)
  A troll (D:13)
  2 tyrant leeches
  2 hornets
  2 slime creatures (D:13)
  A wyvern (Lair:1)
  A yak (shapeshifter) (Depths:2)
  2 vampire mosquitoes (Swamp:4)
  A swamp worm (Swamp:2)
  4 orc warriors (Bailey)
  A sky beast (D:8)
  An eye of draining (D:8)
  3 centaurs (Bailey)
  A crocodile (Lair:1)
  A bullfrog zombie (D:13)
  A quasit (D:13)
  An orc priest (D:8)
  An iguana (D:13)
  An orc wizard (D:8)
  A hound zombie (D:8)
  A white imp (Depths:2)
  7 orcs
57 creatures vanquished.

Vanquished Creatures (others)
  An orb spider (Spider:4)
  A hornet (Swamp:4)
  A redback (Spider:1)
  A spriggan (Swamp:3)
  6 humans (Swamp:2)
  A swamp drake (Swamp:2)
  32 fungi
  76 plants
  A withered plant (D:15)
120 creatures vanquished.

Grand Total: 1342 creatures vanquished

Notes
Turn   | Place    | Note
-------+----------+-------------------------------------------
     0 | D:1      | farkougg the Minotaur Berserker began the quest for the
                  | Orb.
     0 | D:1      | Reached XP level 1. HP: 19/19 MP: 0/0
   122 | D:1      | Reached skill level 4 in Axes
   176 | D:1      | Reached XP level 2. HP: 16/26 MP: 1/1
   791 | D:2      | Reached XP level 3. HP: 31/31 MP: 2/2
   809 | D:2      | Reached ** piety under Trog
   876 | D:2      | Noticed Jessica
   886 | D:2      | Killed Jessica
   886 | D:2      | Reached skill level 5 in Axes
   886 | D:2      | Reached XP level 4. HP: 37/39 MP: 3/3
  1156 | D:2      | Found a hide-covered altar of Uskayaw.
  1764 | D:3      | Reached skill level 6 in Axes
  1764 | D:3      | Reached XP level 5. HP: 34/45 MP: 4/4
  2813 | D:4      | Found a runed translucent door.
  2833 | D:4      | Noticed Killmatronix's ghost (novice HuWn)
  2889 | D:4      | Killed Killmatronix's ghost
  2889 | D:4      | Reached skill level 8 in Axes
  2889 | D:4      | Reached skill level 5 in Armour
  2889 | D:4      | Reached XP level 6. HP: 51/51 MP: 5/5
  2889 | D:4      | Reached XP level 7. HP: 57/57 MP: 6/6
  3097 | D:4      | Reached *** piety under Trog
  3097 | D:4      | Reached skill level 9 in Axes
  3254 | D:4      | Found a sparkling altar of Nemelex Xobeh.
  3709 | D:5      | Entered Level 5 of the Dungeon
  3710 | D:5      | Found a sacrificial altar of Ru.
  3715 | D:5      | Found an ornate altar of the Wu Jian Council.
  3840 | D:5      | Reached XP level 8. HP: 61/64 MP: 7/7
  3883 | D:5      | Found a snail-covered altar of Cheibriados.
  3957 | D:5      | Found an iron altar of Okawaru.
  4056 | D:5      | Reached **** piety under Trog
  4056 | D:5      | Reached skill level 10 in Axes
  4372 | D:6      | Found Subuishu's Antique Weapon Boutique.
  4527 | D:6      | Noticed Duvessa
  4527 | D:6      | Noticed Dowan
  4678 | D:6      | Reached skill level 11 in Axes
  4966 | D:8      | Noticed Grum
  5287 | D:7      | Reached XP level 9. HP: 62/70 MP: 8/8
  5350 | D:7      | Found a staircase to the Ecumenical Temple.
  5378 | D:7      | Reached ***** piety under Trog
  5819 | D:7      | Reached skill level 12 in Axes
  6245 | D:8      | Reached skill level 13 in Axes
  6284 | D:8      | Noticed a two-headed ogre
  6603 | D:9      | Reached skill level 10 in Armour
  6830 | D:9      | Reached skill level 14 in Axes
  6830 | D:9      | Reached XP level 10. HP: 62/77 MP: 9/9
  7155 | D:9      | Found a staircase to the Orcish Mines.
  7166 | D:9      | Received a gift from Trog
  7653 | D:10     | Entered Level 10 of the Dungeon
  8151 | D:10     | Reached skill level 15 in Axes
  8488 | D:10     | Noticed Gastronok
  8602 | D:10     | Killed Gastronok
  8602 | D:10     | Reached skill level 16 in Axes
  9255 | D:10     | Found a staircase to the Lair.
  9266 | D:10     | Reached XP level 11. HP: 50/83 MP: 10/10
  9474 | D:10     | Found Keejujug's Book Shop.
  9675 | D:11     | Found Deeckos's Antique Weapon Shoppe.
  9884 | D:11     | Reached skill level 1 in Evocations
 10040 | D:11     | Noticed a four-headed hydra
 10295 | D:12     | Reached skill level 17 in Axes
 10567 | D:13     | Received a gift from Trog
 10675 | D:12     | Noticed a two-headed ogre
 10684 | D:12     | Killed a two-headed ogre
 10702 | D:12     | Found a runed translucent door.
 10708 | D:12     | Noticed bmj180's ghost (journeyman MiFi)
 10876 | D:12     | Reached skill level 5 in Fighting
 11141 | D:12     | Found Iklegan's Antique Weapon Shoppe.
 12011 | D:13     | Noticed a red ugly thing
 12062 | D:11     | Killed a four-headed hydra
 12110 | Lair:1   | Entered Level 1 of the Lair of Beasts
 12113 | Lair:1   | Reached skill level 5 in Dodging
 12343 | Lair:1   | Reached skill level 18 in Axes
 12407 | Lair:1   | Reached XP level 12. HP: 97/97 MP: 13/13
 13220 | Lair:2   | Noticed Nergalle
 13235 | Lair:2   | Killed Nergalle
 13578 | Lair:2   | Noticed a six-headed hydra
 13916 | Lair:2   | Reached skill level 5 in Evocations
 13937 | Lair:2   | Noticed a four-headed hydra
 14701 | Lair:3   | You fall through a shaft for 2 floors!
 15020 | Lair:4   | Found a hole to the Spider Nest.
 15124 | Lair:4   | Noticed a death yak
 15124 | Lair:4   | Noticed a death yak
 15124 | Lair:4   | Noticed a death yak
 15125 | Lair:4   | Noticed a death yak
 15126 | Lair:4   | Noticed a death yak
 15380 | Lair:3   | Reached skill level 19 in Axes
 15711 | Lair:3   | Got a glittering tin ring
 15718 | Lair:3   | Identified the ring "Hifoni" {Wiz Int+4} (You found it on
                  | level 3 of the Lair of Beasts)
 15754 | Lair:3   | Noticed Urug
 15767 | Lair:3   | Killed Urug
 15952 | Lair:3   | Got an encrusted ring mail
 15953 | Lair:3   | Identified the cursed +1 ring mail "Dacerapu" {MR+ Str-5
                  | Dex+7} (You found it on level 3 of the Lair of Beasts)
 16051 | Lair:3   | Reached XP level 13. HP: 97/108 MP: 16/16
 16402 | D:8      | Killed Grum
 17664 | Orc:1    | Entered Level 1 of the Orcish Mines
 17891 | Orc:2    | Entered Level 2 of the Orcish Mines
 19035 | Lair:4   | Reached skill level 10 in Fighting
 19035 | Lair:4   | Reached skill level 20 in Axes
 20735 | Lair:5   | Received a gift from Trog
 20792 | Lair:5   | Reached XP level 14. HP: 109/122 MP: 17/17
 21028 | Lair:5   | Upgraded the game from 0.23.0 to 0.23.0-2-g0fe3ce5
 22101 | D:13     | Received a gift from Trog
 22641 | D:13     | Reached skill level 21 in Axes
 22665 | D:13     | Found a gate to the Vaults.
 23025 | D:13     | Found the +12 glaive of Prune {chop}
 23326 | D:14     | Found Oxeng's Distillery.
 23329 | D:14     | Bought a potion of haste for 140 gold pieces
 23329 | D:14     | Bought a potion of heal wounds for 70 gold pieces
 23329 | D:14     | Bought a potion of curing for 42 gold pieces
 23329 | D:14     | Bought a potion of agility for 56 gold pieces
 23343 | D:14     | Found a shattered altar of Ashenzari.
 23428 | D:14     | Found a flagged portal.
 23437 | Bailey   | Entered a bailey
 25127 | D:15     | Entered Level 15 of the Dungeon
 26376 | Orc:2    | Found Mezxouda's General Store.
 26391 | Orc:2    | Bought a scroll of teleportation for 39 gold pieces
 26391 | Orc:2    | Bought a potion of curing for 39 gold pieces
 26391 | Orc:2    | Bought a scroll of identify for 26 gold pieces
 26391 | Orc:2    | Bought a potion of curing for 39 gold pieces
 26458 | Orc:1    | Paralysed by an orc sorcerer for 5 turns
 26544 | Orc:1    | Noticed an orc warlord
 26588 | Orc:2    | Found Zuwnumom's Antique Weapon Boutique.
 26845 | Orc:2    | Found Goclekug's Antique Armour Emporium.
 27156 | Orc:2    | Noticed an orc warlord
 27168 | Orc:2    | Killed an orc warlord
 27286 | Orc:2    | Found Kur Yre's Jewellery Shoppe.
 27287 | Orc:2    | Found a staircase to the Elven Halls.
 27371 | Orc:2    | Bought a slimy war axe for 272 gold pieces
 27372 | Orc:2    | Identified the +6 war axe of Joyful Slaughter {freeze, rN+}
                  | (You bought it in a shop on level 2 of the Orcish Mines)
 27399 | Orc:2    | Bought a bloodstained ring mail for 243 gold pieces
 27399 | Orc:2    | Identified the +0 ring mail of the Dwarven Hall {rF+} (You
                  | bought it in a shop on level 2 of the Orcish Mines)
 27468 | Orc:2    | Bought a cursed ring of teleportation for 67 gold pieces
 27468 | Orc:2    | Bought an uncursed ring of poison resistance for 300 gold
                  | pieces
 27468 | Orc:2    | Bought an uncursed ring of protection from cold for 375
                  | gold pieces
 27621 | Lair:6   | Entered Level 6 of the Lair of Beasts
 27730 | Lair:6   | Reached skill level 22 in Axes
 27732 | Lair:6   | Reached XP level 15. HP: 124/134 MP: 18/18
 29567 | Lair:6   | Got a steaming chain mail
 29568 | Lair:6   | Identified the +1 chain mail of the Engineer {+Fly rElec
                  | rF+ Dex-5} (You found it on level 6 of the Lair of Beasts)
 29917 | Lair:4   | Reached skill level 15 in Armour
 29917 | Lair:4   | Reached XP level 16. HP: 144/144 MP: 19/19
 29956 | Spider:1 | Entered Level 1 of the Spider Nest
 29956 | Spider:1 | Identified Roxanne's Grimoire of Transmigration
 29956 | Spider:1 | Noticed Roxanne
 30470 | Lair:2   | Found a staircase to the Swamp.
 30484 | Swamp:1  | Entered Level 1 of the Swamp
 31306 | Swamp:1  | Reached skill level 23 in Axes
 31618 | Swamp:2  | Noticed Kirke
 31632 | Swamp:2  | Killed Kirke
 32423 | Swamp:2  | Found a runed translucent door.
 32431 | Swamp:2  | Noticed Silenth's ghost (adept KoHu)
 32903 | Swamp:3  | Noticed a thorn hunter
 33154 | Swamp:4  | Entered Level 4 of the Swamp
 33518 | Swamp:4  | Noticed a thorn hunter
 33689 | Swamp:4  | Received a gift from Trog
 33952 | Swamp:4  | Reached XP level 17. HP: 126/154 MP: 20/20
 34040 | Swamp:4  | Noticed the 27-headed Lernaean hydra
 34375 | D:11     | Bought a glowing broad axe for 210 gold pieces
 34385 | D:11     | Upgraded the game from 0.23.0-2-g0fe3ce5 to
                  | 0.23.0-3-gf3c87f2
 34844 | Swamp:3  | Reached skill level 24 in Axes
 34996 | Swamp:3  | Found a shimmering altar of Xom.
 35742 | Swamp:4  | Got a decaying rune of Zot
 35863 | Swamp:4  | Killed the 26-headed Lernaean hydra
 35863 | Swamp:4  | Reached skill level 15 in Fighting
 36425 | Spider:1 | Killed Roxanne
 38301 | Spider:4 | Entered Level 4 of the Spider Nest
 38577 | Spider:4 | Got a scintillating bronze ring
 38578 | Spider:4 | Identified the ring "Duast" {+Fly rC+} (You found it on
                  | level 4 of the Spider Nest)
 38884 | Spider:4 | Reached skill level 25 in Axes
 38954 | Spider:4 | Received a gift from Trog
 39019 | Spider:4 | Reached XP level 18. HP: 166/166 MP: 21/21
 39979 | Spider:4 | Got a gossamer rune of Zot
 40268 | D:13     | Identified the +8 short sword of Royalism {vamp, rElec
                  | rN+++ Dex-2 Stlth+}
 40705 | D:15     | Found a staircase to the Depths.
 40822 | D:15     | Noticed erker's ghost (journeyman MiFi)
 40941 | D:15     | Received a gift from Trog
 40958 | D:15     | Got a translucent battleaxe {god gift}
 41234 | D:15     | Got a smoking lead amulet
 41272 | D:15     | Found a transporter.
 41287 | D:15     | Found a transporter.
 41333 | D:15     | Identified the amulet "Wifunoec" {Regen+ Int+4} (You found
                  | it on level 15 of the Dungeon)
 41334 | D:15     | Identified the +7 battleaxe of Juiwiz {protect, *Drain
                  | Str+4 SInv} (Trog gifted it to you on level 15 of the
                  | Dungeon)
 41338 | Depths:1 | Entered Level 1 of the Depths
 41558 | Depths:1 | Noticed Sojobo
 41567 | Depths:1 | Found a corrupted altar of Lugonu.
 41567 | Depths:1 | Found a one-way gate to the infinite horrors of the Abyss.
 42004 | Depths:1 | Killed Sojobo
 42144 | Depths:1 | Reached skill level 26 in Axes
 42307 | Depths:1 | Found a one-way gate leading to the halls of Pandemonium.
 42411 | Depths:1 | Found Usat Abe's Antique Weapon Shop.
 42450 | Depths:1 | Received a gift from Trog
 42705 | Depths:1 | Reached XP level 19. HP: 177/177 MP: 22/22
 43071 | Depths:1 | Found a gateway to Hell.
 43621 | Depths:2 | Received a gift from Trog
 44299 | Depths:3 | Found Fialom's Jewellery Emporium.
 44299 | Depths:3 | Found Esapoj Osooch's Distillery.
 44299 | Depths:3 | Found Pipeanot's General Store.
 44745 | Depths:3 | Found Sauw Ulo's Gadget Shoppe.
 44753 | Depths:3 | Bought a scroll of teleportation for 48 gold pieces
 44753 | Depths:3 | Bought a potion of curing for 48 gold pieces
 44753 | Depths:3 | Bought a potion of heal wounds for 80 gold pieces
 44753 | Depths:3 | Bought a potion of mutation for 128 gold pieces
 44759 | Depths:3 | Bought a potion of haste for 180 gold pieces
 44759 | Depths:3 | Bought a potion of heal wounds for 90 gold pieces
 44762 | Depths:3 | Bought a cursed amulet of inaccuracy for 40 gold pieces
 44813 | Depths:3 | Found a runed translucent door.
 44958 | Depths:3 | Reached skill level 10 in Dodging
 44991 | Depths:3 | Identified the ring "Ynimpih" {rF+ Int+3 Dex+3 Stlth-}
 45006 | Depths:2 | Noticed a caustic shrike
 45006 | Depths:2 | a shadow dragon changed into a caustic shrike
 45007 | Depths:2 | a caustic shrike changed into a glowing shapeshifter
 45376 | Depths:2 | Got a translucent plate armour
 45377 | Depths:2 | Identified the +10 plate armour of Polish {rPois MP+9
                  | Str-5} (You found it on level 2 of the Depths)
 45528 | Depths:2 | Paralysed by a vampire knight for 3 turns
 45533 | Depths:2 | Paralysed by a vampire knight for 5 turns
 45535 | Depths:2 | Hit by a large rock thrown by a stone giant

Skill      XL: |  1  2  3  4  5  6  7  8  9 10 11 12 13 14 15 16 17 18 19 |
---------------+----------------------------------------------------------+-----
Axes           | 4 5 6 8 9 11 14 16 18 19 20 22 23 25 26 | 26.0
Armour         | 3 4 5 6 8 10 11 13 15 16 19 20 | 20.6
Fighting       | 6 8 10 12 13 14 15 17 18 | 18.9
Evocations     | 3 5 6 |  6.0
Dodging        | 5 7 8 10 | 10.3

Action                   |  1- 3 |  4- 6 |  7- 9 | 10-12 | 13-15 | 16-18 | 19-21 || total
-------------------------+-------+-------+-------+-------+-------+-------+-------++-------
Melee: Hand axe          |    71 |    19 |       |       |       |       |       ||    90
       Headbutt          |     6 |    11 |    61 |   148 |   187 |   327 |    60 ||   800
       War axe           |       |    88 |   319 |   133 |       |       |       ||   540
       Battleaxe         |       |       |       |   414 |   145 |     9 |       ||   568
       Executioner's axe |       |       |       |   109 |   678 |  1125 |   232 ||  2144
       Great mace        |       |       |       |       |       |   103 |       ||   103
 Fire: Hunting sling     |       |     3 |    15 |    20 |     1 |       |       ||    39
       Blowgun           |       |       |       |       |     4 |       |       ||     4
Throw: Stone             |       |     4 |       |       |       |       |       ||     4
       Javelin           |       |       |       |       |    18 |    10 |     1 ||    29
Invok: Berserk           |       |     1 |     2 |     1 |     3 |     3 |       ||    10
       Trog's Hand       |       |       |     2 |     5 |    10 |     5 |     5 ||    27
       Brothers in Arms  |       |       |     1 |     4 |    11 |    11 |     7 ||    34
Evoke: Wand              |       |       |       |    15 |    10 |    35 |     4 ||    64
       Phantom mirror    |       |       |       |       |       |     1 |       ||     1
  Use: Potion            |       |       |       |     3 |    11 |    15 |     1 ||    30
       Scroll            |       |       |       |    19 |    23 |    32 |     7 ||    81
 Stab: Petrified         |       |       |       |       |     3 |       |       ||     3
  Eat: Chunk             |       |     4 |     5 |    13 |    22 |     7 |       ||    51
       Ration            |       |     1 |     3 |     8 |     9 |    14 |     4 ||    39
Armor: Ring mail         |    21 |    21 |       |       |       |       |       ||    42
       Animal skin       |     1 |       |       |       |       |       |       ||     1
       Leather armour    |       |    10 |     5 |       |       |       |       ||    15
       Scale mail        |       |       |   126 |   283 |   222 |       |       ||   631
       Plate armour      |       |       |       |       |    94 |   977 |   102 ||  1173
       Fire dragon scale |       |       |       |       |       |       |     5 ||     5
Dodge: Dodged            |    47 |    50 |   152 |   366 |   490 |   672 |   120 ||  1897
Block: Other             |       |       |       |       |    36 |   297 |    43 ||   376
       Reflection        |       |       |       |       |     1 |     6 |     1 ||     8
